 Dungeon Crawl Stone Soup version 0.17.0-28-g6e173f8 (webtiles) character file.

198 gorblad the Magician (level 5, -1/38 HPs)
             Began as a Draconian Conjurer on Nov 30, 2015.
             Was an Initiate of Sif Muna.
             Slain by homeworkjunkie's ghost (8 damage)
             ... on level 4 of the Dungeon.
             The game lasted 00:15:26 (4505 turns).

gorblad the Magician (Draconian Conjurer)           Turns: 4505, Time: 00:15:27

Health: -1/38      AC:  5    Str: 11    XL:     5   Next: 47%
Magic:  1/12       EV: 12    Int: 16    God:    Sif Muna [......]
Gold:   207        SH:  0    Dex: 11    Spells: 4 memorised, 4 levels left

rFire  . . .     SeeInvis .     o - +0 dagger
rCold  . . .     Clarity  .     (armour unavailable)
rNeg   . . .     SustAt   .     (no shield)
rPois  +         Gourm    .     (helmet restricted)
rElec  .         Spirit   .     (no cloak)
rCorr  .         Warding  .     (no gloves)
rMut   .         Stasis   .     (no boots)
MR     .....                    (no amulet)
Stlth  ++........               j - ring of wizardry (curse)
                                g - ring of poison resistance

@: very slightly contaminated, slowed, very slow, not resistant to hostile
enchantments, unstealthy
A: unfitting armour, cold-blooded, AC +5
a: Renounce Religion


You were on level 4 of the Dungeon.
You worshipped Sif Muna.
Sif Muna was noncommittal.
You were not hungry.

You visited 1 branch of the dungeon, and saw 4 of its levels.

You collected 207 gold pieces.

Inventory:

Hand Weapons
 o - a +0 dagger (weapon)
Jewellery
 g - a ring of poison resistance (left hand)
 j - a cursed ring of wizardry (right hand)
 q - an uncursed ring of magical power {unknown}
Wands
 l - a wand of teleportation (4)
Scrolls
 b - a scroll of teleportation {unknown}
 e - 5 scrolls of identify {unknown}
 h - a scroll of amnesia {unknown}
 i - 2 scrolls of magic mapping {unknown}
 k - a scroll of enchant armour {unknown}
 m - 2 scrolls of remove curse {unknown}
 n - 2 scrolls of blinking {unknown}
 r - a scroll of recharging {unknown}
Potions
 c - a potion of curing {unknown}
 p - a potion of brilliance {unknown}
Books
 a - a book of Conjurations

   Spells                             Type                      Level
   a - Magic Dart                     Conjuration                  1
   b - Searing Ray                    Conjuration                  2
   c - Dazzling Spray                 Conjuration/Hexes            3
   d - Fulminant Prism                Conjuration/Hexes            4
   e - Iskenderun's Mystic Blast      Conjuration                  4
   f - Iskenderun's Battlesphere      Conjuration/Charms           5
Comestibles
 d - 4 meat rations
 f - a royal jelly
 s - a slice of pizza
 t - 2 bread rations


   Skills:
 - Level 1.7 Dodging
 - Level 1.7 Stealth
 - Level 5.3 Spellcasting
 + Level 4.0 Conjurations


You had 4 spell levels left.
You knew the following spells:

 Your Spells              Type           Power        Failure   Level  Hunger
a - Magic Dart            Conj           ###.         1%          1    None
b - Searing Ray           Conj           ###...       2%          2    #......
c - Dazzling Spray        Conj/Hex       ##......     9%          3    ###....
d - Iskenderun's Mystic   Conj           ###.....     14%         4    ####...


Dungeon Overview and Level Annotations

Branches:
Dungeon (4/15)
 Temple: D:4-7

Altars:
Okawaru
Sif Muna

Annotations:
D:4 homeworkjunkie's ghost, weakling MfAs


Innate Abilities, Weirdness & Mutations

Your plain brown scales are hard (AC +5).
Your body does not fit into most forms of armour.
You are cold-blooded and may be slowed by cold attacks.


Message History

The hound is moderately wounded.
The hound barely misses you.
Homeworkjunkie's ghost closely misses you.
You hit the hound but do no damage.
The hound is moderately wounded.
The hound bites you.
* * * LOW HITPOINT WARNING * * *
Homeworkjunkie's ghost hits you.
* * * LOW HITPOINT WARNING * * *
Homeworkjunkie's ghost freezes you.
* * * LOW HITPOINT WARNING * * *
You feel yourself slow down. The hound bites you but does no damage.
You miss the hound.
The hound is moderately wounded.
The hound closely misses you. Homeworkjunkie's ghost hits you.
* * * LOW HITPOINT WARNING * * *
Homeworkjunkie's ghost freezes you.
* * * LOW HITPOINT WARNING * * *
The hound barely misses you. Homeworkjunkie's ghost hits you!
You die...

#...####.##..#
##.## #.##..#
#.# #.##..# #
#.#####.##>#.#
#
#....##...###..
# ####.#####.#
### #<# ... #W#
.#.# #@# .#.#
#h# .# # #. #.#
.#
....###.#####.#
#.............#
#######.#######
###)######
#####........#
.>......####.#


You could see a hound and homeworkjunkie's ghost.

Vanquished Creatures
  A scorpion (D:2)
  An orc wizard (D:3)
  3 adders
  A gnoll (D:1)
  2 adder skeletons (D:4)
  2 worms
  3 giant geckos
  5 orcs
  8 bats
  10 giant cockroaches
  7 goblins
  6 hobgoblins
  4 jackals (D:1)
  A quokka (D:2)
  A giant gecko skeleton (D:4)
  4 giant newts
  10 kobolds
  4 rats
73 creatures vanquished.

Notes
Turn   | Place    | Note
--------------------------------------------------------------
     0 | D:1      | gorblad the Draconian Conjurer began the quest for the Orb.
     0 | D:1      | Reached XP level 1. HP: 14/14 MP: 3/3
   424 | D:1      | Reached XP level 2. HP: 20/20 MP: 1/5
   983 | D:1      | Reached XP level 3. HP: 15/26 MP: 1/7
  1709 | D:2      | Learned a level 2 spell: Searing Ray
  1713 | D:2      | Learned a level 3 spell: Dazzling Spray
  2008 | D:2      | Reached XP level 4. HP: 31/33 MP: 0/10
  2269 | D:2      | Found a deep blue altar of Sif Muna.
  2272 | D:2      | Became a worshipper of Sif Muna the Loreminder
  3543 | D:3      | Found an iron altar of Okawaru.
  3600 | D:4      | Reached XP level 5. HP: 38/38 MP: 8/12
  4023 | D:4      | Noticed homeworkjunkie's ghost (weakling MfAs)
  4179 | D:2      | Reached skill level 5 in Spellcasting
  4435 | D:2      | Learned a level 4 spell: Iskenderun's Mystic Blast
  4505 | D:4      | Slain by homeworkjunkie's ghost

Action                   |  1- 3 |  4- 6 || total
-------------------------+-------+-------++-------
Melee: Unarmed           |    53 |       ||    53
       Dagger            |       |    43 ||    43
 Cast: Magic Dart        |    93 |    92 ||   185
       Dazzling Spray    |     1 |    10 ||    11
       Searing Ray       |       |     2 ||     2
  Eat: Bread ration      |     1 |     1 ||     2
       Chunk             |       |     4 ||     4
